 Dungeon Crawl Stone Soup version 0.26-a0-540-g8a0c9464d7 (webtiles) character file.

Game seed: 7009426615710579907

14 vurker the Sneak (level 2, -5/24 HPs)
             Began as a Formicid Delver on Aug 25, 2020.
             Slain by an orc
             ... wielding a +0 flail
              (6 damage)
             ... on level 4 of the Dungeon.
             The game lasted 00:00:50 (425 turns).

vurker the Sneak (Formicid Delver)                   Turns: 425, Time: 00:00:51

Health: -5/24      AC:  3    Str: 16    XL:     2   Next: 60%
Magic:  2/2        EV: 12    Int:  9    God:
Gold:   0          SH:  0    Dex: 12    Spells: 1/1 levels left

rFire    . . .     SeeInvis +   a - +0 hand axe
rCold    . . .     Faith    .   (no shield)
rNeg     . . .     Spirit   .   b - +0 leather armour
rPois    .         Reflect  .   (helmet unavailable)
rElec    .         Harm     .   (no cloak)
rCorr    .                      (no gloves)
MR       .....                  (no boots)
Stlth    +++.......             (no amulet)
HPRegen  0.08/turn              (no ring)
MPRegen  0.08/turn              (no ring)

@: no status effects
A: permanent stasis, dig shafts and tunnels, four strong arms, antennae 3
a: Dig, Shaft Self


You were on level 4 of the Dungeon.
You visited 1 branch of the dungeon, and saw 2 of its levels.

Inventory:

Hand Weapons
 a - a +0 hand axe (weapon)
Armour
 b - a +0 leather armour (worn)
Wands
 v - a wand of digging (3)
Scrolls
 c - a scroll of fog
 d - 2 scrolls of magic mapping
 e - a scroll of fear
 f - 2 scrolls of identify {unknown}
 g - a scroll of teleportation {unknown}
 h - a scroll of noise {unknown}


   Skills:
 + Level 3.6 Fighting
 * Level 2.7 Axes
 - Level 1.7 Dodging
 - Level 6.0 Stealth


You had one spell level left.
You didn't know any spells.
Your spell library was empty.

Dungeon Overview and Level Annotations

Branches:
Dungeon (5/15)
 Temple: D:4-7

Altars:
Cheibriados
Trog


Innate Abilities, Weirdness & Mutations

You cannot be hasted, slowed, berserked, paralysed or teleported.
You can dig through walls and to a lower floor.
Your four strong arms can wield two-handed weapons with a shield.
You have a pair of large antennae on your head. (SInv)


Message History

An orc comes into view. It is wielding a +0 short sword.
You extend your mandibles.
You dig through the rock wall.
You dig through the rock wall.
You dig through the rock wall.
You retract your mandibles.
You barely miss the frilled lizard. The frilled lizard barely misses you.
You slash the frilled lizard!
You kill the frilled lizard!
The hound skeleton bites you.
You hit the hound skeleton. You hit the orc. You hit the orc.
You kill the orc!
No target in view!
No target in view!
No target in view!
No target in view!
No target in view!
No target in view!
No target in view!
No target in view!
No target in view!
No target in view!
No target in view!
No target in view!
No target in view!
No target in view!
No target in view!
Unknown command.
An orc is nearby!
You closely miss the orc. The orc misses you.
You hit the orc. The orc barely misses you.
You hit the orc but do no damage. The orc hits you with a +0 hand axe.
The orc closely misses you.
You closely miss the orc. The orc hits you but does no damage.
You hit the orc. The orc hits you with a +0 hand axe.
You closely miss the orc. The orc hits you with a +0 hand axe.
You hit the orc.
You kill the orc!
You closely miss the orc. The orc hits you with a +0 flail.
* * * LOW HITPOINT WARNING * * *
You are too injured to fight recklessly!
You hit the orc but do no damage. The orc closely misses you.
You closely miss the orc. The orc closely misses you.
You closely miss the orc. The orc hits you with a +0 flail!
* * * LOW HITPOINT WARNING * * *
You aren't carrying any potions.
You closely miss the orc. The orc hits you with a +0 flail.
You die...

.# ... ..# .. #.# ..
#.### { ###+###.
#.#@##
.......#######.##o#
..............{#.##
................##
................####+
.......#..............
.......####...........
.......# #.....o.....
.......# #..(........


You could see an orc.

Vanquished Creatures
  4 orcs
  4 jackals (D:5)
  A frilled lizard (D:4)
9 creatures vanquished.

Notes
Turn   | Place    | Note
-------+----------+-------------------------------------------
     0 | D:5      | vurker the Formicid Delver began the quest for the Orb.
     0 | D:5      | Reached XP level 1. HP: 18/18 MP: 1/1
   170 | D:5      | Found a snail-covered altar of Cheibriados.
   170 | D:5      | Found a bloodstained altar of Trog.
   193 | D:5      | Reached XP level 2. HP: 17/24 MP: 2/2
   424 | D:4      | HP: 1/24 [orc/+0 flail (8)]
   425 | D:4      | Slain by an orc

Illustrated notes

Levels and vault maps discovered:
D:4:      layout_basic, regret_index_temple_of_mockery, old_standard_altar,
          temple_pool_b, serial_shops, shop
D:5:      cheibrodos_helix_gallery, layout_rooms,
          nicolae_qazlal_general_emergency, gammafunk_temple_overflow_elements,
          gup_sewer_entry_glass, goddamned_bats

Action                   || total
-------------------------++-------
Melee: Hand axe          ||    42
 Abil: Dig               ||     2
Armor: Leather armour    ||     5
Dodge: Dodged            ||    30

Table legend: (Time is in decaauts)
 A = Elapsed time spent in this place.
 B = Non-inter-level travel time spent in this place.
 C = Inter-level travel time spent in this place.
 D = Time resting spent in this place.
 E = Time spent auto-exploring this place.
 F = Levels seen in this place.
 G = Mean time per level.
                   A        B        C        D        E       F      G
               +--------+--------+--------+--------+--------+-----+--------+
         Total |    433 |    433 |      0 |      0 |    309 |   2 |  216.5 |
       Dungeon |    433 |    433 |      0 |      0 |    309 |   2 |  216.5 |
               +--------+--------+--------+--------+--------+-----+--------+

Top non-repeatable levels by time:
     D:5: 372 daAuts
     D:4: 61 daAuts
